 Dungeon Crawl Stone Soup version 0.20-a0-633-gff4aa5c (webtiles) character file.

67040 useraccount the Formicid Cataclysm (level 15, -2/117 HPs)
             Began as a Formicid Fighter on Feb 12, 2017.
             Was a High Priest of Qazlal.
             Slain by a dire elephant (16 damage)
             ... on level 6 of the Lair of Beasts.
             The game lasted 00:24:27 (22209 turns).

useraccount the Formicid Cataclysm (FoFi)          Turns: 22209, Time: 00:24:27

Health: -2/117     AC: 22    Str: 26    XL:     15   Next: 64%
Magic:  25/25      EV: 10    Int:  9    God:    Qazlal [*****.]
Gold:   1220       SH: 26    Dex: 10    Spells: 14/14 levels left

rFire    + . .     SeeInvis +   a - +3 battleaxe (freeze)
rCold    + . .     Gourm    .   F - +0 plate armour
rNeg     + . .     Faith    .   x - +0 large shield
rPois    .         Spirit   .   (helmet unavailable)
rElec    .         Reflect  .   D - scarf {rC+ rF+}
rCorr    .         Harm     .   M - +0 pair of gloves
MR       ++...                  v - +1 pair of boots
Stlth    ..........             (no amulet)
Regen    0.3/turn               S - ring of positive energy
                                i - ring of protection from magic

@: protected from physical damage, starving, studying Maces & Flails, repel
missiles
A: permanent stasis, dig shafts and tunnels, four strong arms, antennae 3
a: Dig, Shaft Self, Upheaval, Elemental Force, Disaster Area, Renounce Religion


You were on level 6 of the Lair of Beasts.
You worshipped Qazlal.
Qazlal was extremely pleased with you.
You were starving.

You visited 3 branches of the dungeon, and saw 19 of its levels.

You collected 1360 gold pieces.
You spent 140 gold pieces at shops.

Inventory:

Hand Weapons
 a - a +3 battleaxe of freezing (weapon)
 b - a +1 great mace of protection
Missiles
 J - 7 javelins (quivered)
Armour
 v - a +1 pair of boots (worn)
 x - a +0 large shield (worn)
 D - a scarf of resistance (worn)
 F - a +0 plate armour (worn)
 M - a +0 pair of gloves (worn)
Jewellery
 e - an uncursed ring of flight
 i - a ring of protection from magic (left hand)
 A - an uncursed ring of magical power
 S - a ring of positive energy (right hand)
Wands
 t - a wand of flame (34/48)
 R - a wand of clouds (1/9)
 T - a wand of acid (3/15)
Scrolls
 h - 6 scrolls of remove curse
 m - 7 scrolls of identify
 p - a scroll of summoning {unknown}
 q - a scroll of holy word {unknown}
 r - 7 scrolls of magic mapping {unknown}
 u - 5 scrolls of enchant armour {unknown}
 w - a scroll of silence {unknown}
 y - 3 scrolls of fog {unknown}
 z - 4 scrolls of enchant weapon {unknown}
 C - 5 scrolls of amnesia {unknown}
 E - a scroll of acquirement {unknown}
 G - 3 scrolls of immolation {unknown}
 H - 3 scrolls of recharging {unknown}
 I - 6 scrolls of blinking {unknown}
 K - a scroll of random uselessness {unknown}
 O - a scroll of fear {unknown}
 P - 6 scrolls of noise {unknown}
Potions
 c - 10 potions of curing
 d - 8 potions of might
 g - a potion of resistance
 j - a potion of cancellation
 o - 4 potions of ambrosia
 s - 2 potions of magic
 B - 2 potions of flight
 N - 2 potions of agility
Books
 U - a manual of Maces & Flails
Miscellaneous
 L - a fan of gales
 V - a sack of spiders
Comestibles
 f - 10 bread rations
 k - 19 royal jellies
 l - 6 fruits
 n - 8 meat rations


   Skills:
 + Level 10.9 Fighting
 * Level 13.6 Axes
 + Level 11.0 Armour
 + Level 8.9 Dodging
 + Level 12.1 Shields
 * Level 14.3 Invocations


You had 14 spell levels left.
You didn't know any spells.

Dungeon Overview and Level Annotations

Branches:
Dungeon (12/15)            Temple (1/1) D:6            Lair (6/6) D:9
  Swamp (0/4) Lair:3        Snake (0/4) Lair:2        Slime (0/5) Lair:5
    Orc (0/2) D:11

Altars:
Ashenzari
Cheibriados
Dithmenos
Elyvilon
Fedhas
Gozag
Hepliaklqana
Kikubaaqudgha
Makhleb
Nemelex Xobeh
Okawaru
Qazlal
Ru
Sif Muna
Trog
Uskayaw
Vehumet
Xom
Yredelemnul
Zin
The Shining One

Shops:
D:7 (

Annotations:
Lair:5 exclusion: 4 oklob plants


Innate Abilities, Weirdness & Mutations

You cannot be hasted, slowed, berserked, paralysed or teleported.
You can dig through walls and to a lower floor.
Your four strong arms can wield two-handed weapons with a shield.
You have a pair of large antennae on your head. (SInv)


Message History

You slash the polar bear! You block the polar bear's attack. x3
The dire elephant tramples you!
* * * LOW HITPOINT WARNING * * *
You feel more protected from physical attacks.
You stumble backwards!
Your plate armour prevents you from hitting the dire elephant.
The dire elephant is moderately wounded.
The dire elephant is engulfed in blazing flames.
The dire elephant tramples you!
* * * LOW HITPOINT WARNING * * *
You hold your ground!
You block the dire elephant's attack.
You slash the dire elephant! You freeze the dire elephant.
The dire elephant is severely wounded.
The dire elephant is engulfed in blazing flames.
You block the dire elephant's attack. x2
You hit the dire elephant. You freeze the dire elephant.
The dire elephant is severely wounded.
The dire elephant is engulfed in blazing flames.
The dire elephant tramples you!
You die...

....### .÷....#
'##''############### ############
.8#....8##.≈≈##...?###...##†.....
..#.....'..≈≈≈'.....#.....'.....#
#.####.8#.≈≈≈≈'.....#.....#..####
#....####.≈≈≈≈#/...##.....####...
####....#≈≈≈≈.#######(....#....##
# ####.###≈.###@§.###..###.####
##♣♣###...#####8Y§.8#####...##♣♣♣
#♣....###.......h.§......P###....
.......♣########''§########♣.....
.......................#.........
..P...P.............#...P........
....P#....#.#......##............
.................P..##....#.P....
#................P..........<....


You could see a dire elephant and a polar bear.

Vanquished Creatures
  2 entropy weavers (Lair:4)
  Nessos (Lair:5)
  4 dire elephants (Lair:6)
  5 hydras
  An anaconda (Lair:6)
  A catoblepas (Lair:6)
  A queen ant (Lair:4)
  2 two-headed ogres
  10 death yaks (Lair:6)
  Urug (Lair:5)
  2 ugly things (D:12)
  A deep elf mage (D:12)
  2 manticores (D:12)
  A wolf spider (Lair:1)
  13 elephants
  3 black mambas
  5 spiny frogs
  A torpor snail (Lair:6)
  5 komodo dragons
  4 rime drakes
  A queen bee (Lair:6)
  A merfolk (D:9)
  Grinder (D:4)
  3 meliai (Lair:6)
  A tyrant leech (Lair:3)
  2 trolls
  A hornet (Lair:5)
  A polar bear (Lair:6)
  6 hippogriffs
  6 slime creatures (D:11)
  15 dream sheep
  11 blink frogs
  A wraith (D:12)
  3 wyverns
  77 yaks
  5 basilisks
  3 nagas (Lair:2)
  2 swamp worms (Lair:3)
  6 soldier ants (Lair:4)
  An acid dragon (D:11)
  12 water moccasins
  6 porcupines
  6 orc warriors
  3 ice beasts
  2 sky beasts
  A black bear (D:8)
  3 phantoms
  5 wolves (Lair:3)
  2 hornet zombies (D:10)
  6 necrophages
  7 ogres
  9 centaurs
  18 crocodiles
  3 big kobolds
  16 bullfrogs
  A gnoll sergeant (D:9)
  A wyvern zombie (D:10)
  3 scorpions
  A wyvern skeleton (D:12)
  33 killer bees
  3 wights (D:7)
  2 howler monkeys
  A centaur zombie (D:5)
  2 crimson imps
  2 bullfrog skeletons
  8 hounds
  2 jellies
  A bullfrog zombie (D:9)
  5 orc priests
  16 orc wizards
  Crazy Yiuf (D:4)
  A centaur skeleton (D:8)
  26 worker ants
  A killer bee zombie (D:7)
  A hound zombie (D:9)
  A worker ant zombie (D:6)
  18 gnolls
  26 adders
  3 shadow imps
  3 oozes
  A dart slug (D:1)
  7 leopard geckos
  62 orcs
  2 ball pythons (D:2)
  17 giant cockroaches
  13 goblins
  17 hobgoblins
  5 jackals
  18 kobolds
  2 quokkas (D:6)
  7 bats
  3 frilled lizards
  A leopard gecko skeleton (D:6)
  A leopard gecko zombie (D:7)
  2 rats (D:3)
  4 bushes (D:7)
  7 fungi
  2 plants
644 creatures vanquished.

Vanquished Creatures (collateral kills)
  A dire elephant (Lair:6)
1 creature vanquished.

Vanquished Creatures (others)
  A quasit (D:11)
  2 bushes (D:7)
  9 fungi
  20 plants
32 creatures vanquished.

Grand Total: 677 creatures vanquished

Notes
Turn   | Place    | Note
-------+----------+-------------------------------------------
     0 | D:1      | useraccount the Formicid Fighter began the quest for the Orb.
     0 | D:1      | Reached XP level 1. HP: 18/18 MP: 1/1
    28 | D:1      | Reached XP level 2. HP: 15/24 MP: 2/2
   402 | D:1      | Reached XP level 3. HP: 28/29 MP: 3/3
  1006 | D:2      | Reached XP level 4. HP: 31/37 MP: 4/4
  1012 | D:2      | Reached skill level 1 in Dodging
  1650 | D:2      | Found a sparkling altar of Nemelex Xobeh.
  1972 | D:3      | Reached XP level 5. HP: 42/42 MP: 5/5
  2407 | D:3      | Found a faded altar of an unknown god.
  2498 | D:3      | Reached XP level 6. HP: 32/48 MP: 6/6
  3151 | D:4      | Found a hazy altar of Hepliaklqana.
  3151 | D:4      | Noticed a phantom
  3180 | D:4      | Killed a phantom
  3180 | D:4      | Reached XP level 7. HP: 43/55 MP: 7/7
  3293 | D:4      | Reached skill level 5 in Shields
  3476 | D:4      | Found a runed door.
  3628 | D:4      | Noticed Grinder
  3877 | D:4      | Killed Grinder
  3877 | D:4      | Reached skill level 5 in Axes
  3877 | D:4      | Reached XP level 8. HP: 47/61 MP: 8/8
  4058 | D:4      | Reached skill level 5 in Fighting
  4272 | D:4      | Reached skill level 5 in Armour
  4521 | D:4      | Noticed Crazy Yiuf
  4529 | D:4      | Killed Crazy Yiuf
  4597 | D:5      | Entered Level 5 of the Dungeon
  5087 | D:5      | Found a sacrificial altar of Ru.
  5445 | D:6      | Reached XP level 9. HP: 66/69 MP: 9/9
  5876 | D:6      | Found a staircase to the Ecumenical Temple.
  5918 | Temple   | Entered the Ecumenical Temple
  6089 | Temple   | Became a worshipper of Qazlal Stormbringer
  6247 | D:7      | HP: 2/69 [yak (10)]
  6574 | D:7      | Found a blossoming altar of Fedhas.
  6750 | D:7      | Reached skill level 1 in Invocations
  6852 | D:6      | Reached skill level 2 in Invocations
  7350 | D:6      | Reached * piety under Qazlal
  7350 | D:6      | Reached skill level 3 in Invocations
  7404 | D:7      | Reached XP level 10. HP: 49/77 MP: 12/12
  7416 | D:7      | Reached skill level 4 in Invocations
  7862 | D:7      | Found Raitegg's Weapon Boutique.
  7888 | D:7      | Bought a +0 battleaxe of chopping for 140 gold pieces
  8244 | D:7      | Reached skill level 5 in Invocations
  8463 | D:8      | Noticed a two-headed ogre
  8476 | D:8      | Killed a two-headed ogre
  8476 | D:8      | Reached skill level 5 in Dodging
  8844 | D:8      | Reached skill level 6 in Invocations
  9435 | D:8      | Reached XP level 11. HP: 43/83 MP: 15/15
  9628 | D:9      | Reached ** piety under Qazlal
  9700 | D:9      | Reached skill level 7 in Invocations
  9827 | D:9      | Found Juotiec's Food Shop.
  9958 | D:9      | Reached *** piety under Qazlal
  9986 | D:9      | Found a staircase to the Lair.
 10041 | D:9      | Reached skill level 8 in Invocations
 10095 | D:10     | Entered Level 10 of the Dungeon
 10262 | D:10     | Noticed a two-headed ogre
 10277 | D:10     | Killed a two-headed ogre
 10689 | D:10     | Reached **** piety under Qazlal
 10820 | D:10     | Reached skill level 9 in Invocations
 10820 | D:10     | Reached XP level 12. HP: 9/93 MP: 18/18
 11766 | D:11     | Found a deep blue altar of Sif Muna.
 11942 | D:11     | Reached skill level 10 in Axes
 12225 | D:11     | Found a staircase to the Orcish Mines.
 12740 | D:12     | Reached ***** piety under Qazlal
 12815 | D:12     | Reached skill level 10 in Invocations
 12823 | D:12     | Noticed a seven-headed hydra
 12833 | D:12     | Killed a seven-headed hydra
 13924 | Lair:1   | Entered Level 1 of the Lair of Beasts
 14127 | Lair:1   | Reached skill level 10 in Shields
 14134 | Lair:1   | Reached XP level 13. HP: 81/100 MP: 21/21
 14924 | Lair:2   | Found a staircase to the Snake Pit.
 15017 | Lair:2   | Reached skill level 11 in Invocations
 15854 | Lair:3   | Noticed a six-headed hydra
 15861 | Lair:3   | Killed a six-headed hydra
 15868 | Lair:3   | Noticed an eight-headed hydra
 15874 | Lair:3   | Killed a nine-headed hydra
 16806 | Lair:3   | Found a staircase to the Swamp.
 17194 | Lair:4   | Reached skill level 12 in Invocations
 17220 | Lair:4   | Noticed an entropy weaver
 17232 | Lair:4   | Killed an entropy weaver
 17446 | Lair:4   | Reached XP level 14. HP: 108/108 MP: 23/23
 17588 | Lair:4   | Reached skill level 10 in Armour
 17713 | Lair:4   | Noticed an entropy weaver
 17722 | Lair:4   | Killed an entropy weaver
 18772 | Lair:5   | Noticed Nessos
 18780 | Lair:5   | Noticed Urug
 18787 | Lair:5   | Killed Nessos
 18787 | Lair:5   | Reached skill level 10 in Fighting
 18794 | Lair:5   | Killed Urug
 18801 | Lair:5   | Reached skill level 13 in Invocations
 18947 | Lair:5   | Reached ****** piety under Qazlal
 19248 | Lair:5   | Found a staircase to the Slime Pits.
 19702 | Lair:6   | Entered Level 6 of the Lair of Beasts
 20456 | Lair:6   | Found a stormy altar of Qazlal.
 20463 | Lair:6   | Reached XP level 15. HP: 116/116 MP: 25/25
 21340 | Lair:6   | Reached skill level 14 in Invocations
 22209 | Lair:6   | Slain by a dire elephant

Vault maps used:
D:1:      scummos_arrival_star, minmay_pentomino_o2
D:2:      nemelex_altar_shiori
D:3:      minmay_roachtagon, chequers_ecumenical_altar_twisty
D:4:      cheibrodos_greedy_goblins, overflow_temple_1_default, first_bread,
          uniq_grinder, uniq_crazy_yiuf_cottage
D:5:      nicolae_ru_sacrificial_ziggurat
D:6:      minmay_temple_entry_enclosed_plants
D:7:      serial_shops, shop, fedhas_altar_decomposition
D:9:      dpeg_oklobed_lair, serial_shops, shop, hangedman_fish_farm
D:11:     david_orc_1_choice, basic_altar
Temple:   regret_index_temple_mists
Lair:1:   minmay_lair_venomous_thicket
Lair:2:   minmay_snake_entry_guardpost_small, serial_bayou_shore_b
Lair:3:   minmay_swamp_entry_worms
Lair:4:   minmay_another_anthill, grunt_megastairs_1, serial_bayou_shore_b,
          infiniplex_staircase_pool
Lair:5:   minmay_slime_entry_oklob_open, uniq_nessos, uniq_urug
Lair:6:   due_jungle_book, basic_altar, special_room, st_stairs_6, minivault_25

Skill      XL: |  1  2  3  4  5  6  7  8  9 10 11 12 13 14 15 |
---------------+----------------------------------------------+-----
Shields        | 4 5 6 7 8 9 10 11 12 | 12.1
Dodging        | 1 2 3 4 5 6 7 8 |  8.9
Axes           | 3 4 5 6 7 8 9 10 12 13 | 13.6
Armour         | 4 5 6 7 8 9 10 11 | 11.0
Fighting       | 4 5 6 7 8 9 10 | 10.9
Invocations    | 3 6 9 10 12 13 14 | 14.3

Action                   |  1- 3 |  4- 6 |  7- 9 | 10-12 | 13-15 || total
-------------------------+-------+-------+-------+-------+-------++-------
Melee: War axe           |    73 |   198 |   412 |    15 |       ||   698
       Battleaxe         |       |       |       |   630 |   625 ||  1255
       Dire flail        |       |       |       |     2 |     7 ||     9
       Great mace        |       |       |       |       |    14 ||    14
Invok: Upheaval          |       |       |       |     1 |     3 ||     4
       Elemental Force   |       |       |       |     1 |     1 ||     2
       Disaster Area     |       |       |       |       |     1 ||     1
 Abil: Dig               |       |       |     1 |     1 |     1 ||     3
  Use: Potion            |       |     1 |     2 |     1 |       ||     4
       Scroll            |       |       |    10 |     6 |     1 ||    17
  Eat: Chunk             |       |     8 |    13 |    22 |    25 ||    68
       Fruit             |       |       |     2 |       |       ||     2
Armor: Scale mail        |    33 |     9 |       |       |       ||    42
       Chain mail        |       |   113 |   136 |    38 |       ||   287
       Plate armour      |       |       |       |   182 |   244 ||   426
Dodge: Dodged            |    15 |    35 |    78 |   127 |   155 ||   410
       Deflected         |       |       |       |    13 |     1 ||    14
Block: Shield            |     6 |       |       |       |       ||     6
       Large shield      |    70 |   215 |   368 |   773 |   875 ||  2301
